 Dungeon Crawl Stone Soup version 0.22.0-6-g71bd7aa6b3 (webtiles) character file.

60402 Jannitor the Agent of Entropy (level 15, -15/122 HPs)
             Began as a Formicid Abyssal Knight on Aug 15, 2018.
             Was a Priest of Lugonu.
             Demolished by a skeletal warrior
             ... wielding a +0 trident
             ... led by a skeletal warrior
              (20 damage)
             ... on level 13 of the Dungeon.
             The game lasted 00:44:23 (31746 turns).

Jannitor the Agent of Entropy (FoAK)               Turns: 31746, Time: 00:44:24

Health: -15/122    AC: 15    Str: 28    XL:     15   Next: 38%
Magic:  17/34      EV: 12    Int: 14    God:    Lugonu [***...]
Gold:   1291       SH: 16    Dex: 10    Spells: 14/14 levels left

rFire    + . .     SeeInvis +   B - +2 battleaxe (chop)
rCold    . . .     Gourm    .   i - +0 large shield "Iruonir Naes" {rPois MP+9}
rNeg     . . .     Faith    +   F - +2 scale mail {rF+}
rPois    +         Spirit   .   (helmet unavailable)
rElec    .         Reflect  .   D - +1 cloak
rCorr    +         Harm     .   J - +0 pair of gloves
MR       +....                  (no boots)
Stlth    ..........             k - amulet of faith
HPRegen  0.70/turn              N - ring of resist corrosion
MPRegen  0.24/turn              Y - ring of poison resistance

@: mighty
A: permanent stasis, dig shafts and tunnels, four strong arms, antennae 3,
clever 1, regeneration 1, wild magic 1
a: Dig, Shaft Self, Depart the Abyss, Bend Space, Banish, Renounce Religion


You were on level 13 of the Dungeon.
You worshipped Lugonu.
Lugonu was most pleased with you.
You were hungry.

You visited 4 branches of the dungeon, and saw 22 of its levels.
You visited the Abyss 1 time.
You also visited: Sewer.

You collected 2082 gold pieces.
You spent 791 gold pieces at shops.

Inventory:

Hand Weapons
 a - a +1 hand axe
 B - a +2 battleaxe of chopping (weapon)
Armour
 i - the +0 large shield "Iruonir Naes" (worn) {rPois MP+9}
   (You bought it in a shop on level 13 of the Dungeon)

   It protects you from poison.
   It affects your magic capacity (+9).
 s - a scarf of cloud immunity
 D - a +1 cloak (worn)
 F - a +2 scale mail of fire resistance (worn)
 J - a +0 pair of gloves (worn)
Jewellery
 k - an amulet of faith (around neck)
 p - an uncursed ring of ice
 y - an uncursed ring of flight
 C - a +4 ring of intelligence
 G - an uncursed ring of fire
 K - an uncursed amulet of regeneration
 N - a ring of resist corrosion (left hand)
 Q - an uncursed ring of wizardry
 U - an uncursed ring of ice
 W - an uncursed ring of ice
 Y - a ring of poison resistance (right hand)
Wands
 h - a wand of scattershot (6)
 m - a wand of random effects (24)
 v - a wand of flame (101)
 I - a wand of disintegration (24)
 L - a wand of iceblast (20)
 X - a wand of acid (6)
Scrolls
 d - 2 scrolls of blinking
 e - 4 scrolls of fog
 f - 10 scrolls of remove curse
 j - 7 scrolls of identify
 o - 3 scrolls of magic mapping
 q - 7 scrolls of fear
 t - 3 scrolls of amnesia
 w - 6 scrolls of immolation
 R - a scroll of vulnerability
 V - a scroll of enchant armour
Potions
 l - a potion of agility
 r - 9 potions of curing
 u - 2 potions of brilliance
 x - 2 potions of flight
 z - a potion of cancellation
 A - a potion of ambrosia
 E - 2 potions of invisibility
 H - 3 potions of mutation
 O - 2 potions of resistance
Miscellaneous
 M - a sack of spiders
Comestibles
 c - 20 rations
 g - 11 chunks of flesh


   Skills:
 + Level 12.8 Fighting
 + Level 11.7 Axes
 + Level 12.7 Armour
 - Level 10.6 Dodging
 + Level 5.0 Shields
 + Level 13.5 Invocations


You had 14 spell levels left.
You didn't know any spells.
Your spell library contained the following spells:

 Spells                   Type           Power        Failure   Level  Hunger
 Apportation              Tloc           #.....       99%         1    ##.....
 Bolt of Magma            Conj/Fire/Erth #.........   100%        5    ######.
 Confuse                  Hex            #.......     100%        3    ####...
 Invisibility             Hex            #.......     100%        6    #######
 Venom Bolt               Conj/Pois      #.........   100%        5    ######.
 Summon Small Mammal      Summ           #...         99%         1    ##.....
 Animate Dead             Necr           N/A          100%        4    #####..
 Pain                     Necr           #...         99%         1    ##.....
 Animate Skeleton         Necr           N/A          99%         1    ##.....
 Vampiric Draining        Necr           #.........   100%        3    ####...
 Summon Ice Beast         Ice/Summ       #.......     100%        4    #####..
 Call Imp                 Summ           #.......     100%        2    ###....
 Regeneration             Chrm/Necr      #.........   100%        3    ####...
 Tukima's Dance           Hex            #.......     100%        3    ####...
 Iron Shot                Conj/Erth      #.........   100%        6    #######
 Confusing Touch          Hex            #.....       99%         1    ##.....
 Call Canine Familiar     Summ           #.......     100%        3    ####...
 Metabolic Englaciation   Hex/Ice        #.........   100%        5    ######.
 Summon Butterflies       Summ           #.......     99%         1    ##.....
 Alistair's Intoxication  Tmut/Pois      #.......     100%        5    ######.
 Petrify                  Tmut/Erth      #.......     100%        4    #####..
 Orb of Destruction       Conj           #.........   100%        7    #######
 Shroud of Golubria       Chrm/Tloc      #.........   100%        2    ###....
 Iskenderun's Battlesphe  Conj/Chrm      #.......     100%        5    ######.
 Infusion                 Chrm           #...         99%         1    ##.....
 Song of Slaying          Chrm           #.......     100%        2    ###....
 Spectral Weapon          Hex/Chrm       #.......     100%        3    ####...
 Summon Lightning Spire   Summ/Air       #.......     100%        4    #####..
 Summon Guardian Golem    Hex/Summ       #.......     100%        3    ####...
 Spellforged Servitor     Conj/Summ      #.........   100%        7    #######
 Gell's Gravitas          Tloc           #.........   100%        3    ####...
 Yara's Violent Unravell  Hex/Tmut       #.........   100%        5    ######.
 Lesser Beckoning         Tloc           #.........   100%        3    ####...


Dungeon Overview and Level Annotations

Branches:
Dungeon (13/15)            Temple (1/1) D:6            Lair (6/6) D:9
 Shoals (0/4) Lair:4        Snake (0/4) Lair:3          Orc (2/2) D:10
    Elf (0/3) Orc:2
  Slime: Lair:5-6    Vaults: D:13-14

Altars:
Ashenzari
Cheibriados
Dithmenos
Elyvilon
Fedhas
Gozag
Hepliaklqana
Kikubaaqudgha
Makhleb
Nemelex Xobeh
Okawaru
Qazlal
Ru
Sif Muna
Trog
Uskayaw
Vehumet
Wu Jian
Xom
Yredelemnul
Zin
The Shining One
Beogh

Shops:
D:8 *   D:9 *   D:12 }   D:13 *   Orc:2 }[=?

Annotations:
D:8 3 runed doors
Lair:1 exclusion: oklob plant
Lair:3 exclusion: oklob plant
Abyss:1 Maurice, Nergalle, Nessos


Innate Abilities, Weirdness & Mutations

You cannot be hasted, slowed, berserked, paralysed or teleported.
You can dig through walls and to a lower floor.
Your four strong arms can wield two-handed weapons with a shield.
You have a pair of large antennae on your head. (SInv)
Your mind is acute. (Int +2)
Your natural rate of healing is unusually fast.
Your spells are a little harder to cast, but a little more powerful.


Message History

The skeletal warrior is severely damaged.
You block the skeletal warrior's attack.
You hit the skeletal warrior but do no damage.
The skeletal warrior is severely damaged.
You block the skeletal warrior's attack.
You closely miss the skeletal warrior.
The skeletal warrior is severely damaged.
The skeletal warrior hits you with a trident!
* * * LOW HITPOINT WARNING * * *
You feel very mighty all of a sudden.
The skeletal warrior hits you with a trident!!
* * * LOW HITPOINT WARNING * * *
Okay, then.
Your shield prevents you from hitting the skeletal warrior.
The skeletal warrior is heavily damaged.
You block the skeletal warrior's attack.
You hit the skeletal warrior.
The skeletal warrior is severely damaged.
The skeletal warrior hits you with a trident!!
You die...

#.).........
#...........
#...........
#...........
#...........
########...###.
#......#...#
####......#...#{{
#@##......'...#
##z#......#...#
##{##......#...#
##.{{##.....#...#
#.....#.....#...#
#.....#.....#...#
#.....'.....#...#
########z....#####
...y...{........


You could see a skeletal warrior.

Vanquished Creatures
  A crystal guardian (D:11)
  A yaktaur captain (D:11)
  Harold (D:11)
  7 two-headed ogres
  4 ogre magi (Orc:2)
  A skeletal warrior (D:13)
  A deep troll (D:11)
  2 unseen horrors
  2 orc knights (D:11)
  2 manticores (D:11)
  A deep elf mage (D:12)
  2 mana vipers (shapeshifter) (D:11)
  An ugly thing (D:13)
  An orc sorcerer (D:11)
  A cyclops (D:13)
  5 elephants (Lair:2)
  6 spiny frogs
  6 komodo dragons
  6 rime drakes
  6 trolls
  A hornet (D:12)
  5 blink frogs (Lair:2)
  9 dream sheep
  5 hippogriffs
  A wraith (D:10)
  A basilisk (shapeshifter) (D:13)
  39 yaks
  A hungry ghost (D:12)
  2 vampire mosquitoes (D:13)
  2 nagas (Lair:3)
  2 wargs
  2 soldier ants
  8 water moccasins
  7 porcupines
  7 orc warriors
  5 sky beasts
  An eye of draining (D:12)
  22 ogres
  A necrophage (D:7)
  4 black bears
  4 ice beasts
  4 phantoms
  11 wolves
  19 centaurs
  6 crocodiles
  5 big kobolds
  18 bullfrogs
  5 scorpions
  A killer bee (D:8)
  8 wights
  2 electric eels (D:13)
  2 howler monkeys (D:7)
  4 bullfrog zombies
  6 crimson imps
  A quasit (D:6)
  4 hounds
  3 jellies
  15 orc priests
  A bullfrog skeleton (D:5)
  16 orc wizards
  Crazy Yiuf (D:7)
  5 centaur skeletons
  An iguana (D:7)
  10 worker ants
  2 hound skeletons
  A howler monkey zombie (D:7)
  3 gnolls (D:3)
  A worker ant zombie (D:5)
  A howler monkey skeleton (D:7)
  20 adders
  5 river rats
  5 shadow imps
  4 oozes
  An adder skeleton (D:4)
  10 worms
  A dart slug (D:1)
  12 leopard geckos
  74 orcs
  7 bats
  5 giant cockroaches
  11 hobgoblins
  14 jackals
  20 kobolds
  4 quokkas
  6 ball pythons
  4 frilled lizards
  A giant cockroach zombie (D:6)
  4 goblins
  A quokka skeleton (D:5)
  A quokka zombie (D:4)
  9 rats
  A fungus (Lair:3)
  2 plants
564 creatures vanquished.

Vanquished Creatures (others)
  2 sphinxes (D:11)
  A storm dragon (D:11)
  An ettin (D:11)
  A catoblepas (D:13)
  4 hydras
  10 two-headed ogres (Orc:2)
  A tengu warrior (D:11)
  An ugly thing (D:11)
  An orc sorcerer (Orc:1)
  3 black mambas
  3 spiny frogs
  A komodo dragon (Lair:2)
  3 meliai (D:13)
  A hippogriff (D:8)
  A yak (D:8)
  2 basilisks
  A water moccasin (D:9)
  A porcupine (Lair:1)
  An ice beast (D:8)
  3 orc warriors
  A black bear (D:9)
  2 ogres (D:4)
  5 scorpions
  9 killer bees
  An orc priest (D:3)
  2 orc wizards (D:6)
  2 worker ants
  An orc (D:4)
  6 fungi
  13 plants
84 creatures vanquished.

Grand Total: 648 creatures vanquished

Notes
Turn   | Place    | Note
-------+----------+-------------------------------------------
     0 | Abyss:1  | Jannitor the Formicid Abyssal Knight began the quest for the Orb.
     0 | Abyss:1  | Reached XP level 1. HP: 18/18 MP: 2/2
    32 | D:1      | Escaped the Abyss
    82 | D:1      | Reached skill level 1 in Dodging
   239 | D:1      | Reached XP level 2. HP: 19/24 MP: 3/3
   532 | D:1      | Reached ** piety under Lugonu
   532 | D:1      | Reached XP level 3. HP: 29/29 MP: 4/4
  1167 | D:2      | Reached XP level 4. HP: 34/37 MP: 6/6
  1358 | D:2      | Reached skill level 3 in Invocations
  2082 | D:2      | Found a faded altar of an unknown god.
  2111 | D:2      | Reached XP level 5. HP: 32/42 MP: 7/7
  2832 | D:3      | Reached *** piety under Lugonu
  2998 | D:3      | Found a glowing golden altar of the Shining One.
  3197 | D:3      | Reached XP level 6. HP: 45/48 MP: 8/8
  4292 | D:4      | Reached skill level 4 in Invocations
  4561 | D:4      | Found a sacrificial altar of Ru.
  4569 | D:4      | Found a deep blue altar of Sif Muna.
  4570 | D:4      | Found a hide-covered altar of Uskayaw.
  4570 | D:4      | Found a snail-covered altar of Cheibriados.
  4570 | D:4      | Found an ancient bone altar of Kikubaaqudgha.
  4629 | D:4      | Reached XP level 7. HP: 19/55 MP: 10/10
  4636 | D:4      | HP: 2/55 [poisoned by a scorpion]
  4654 | D:4      | You are sucked into a shaft for 2 floors!
  4806 | D:6      | Found a staircase to the Ecumenical Temple.
  4824 | Temple   | Entered the Ecumenical Temple
  5194 | D:6      | You fall through a shaft for 2 floors!
  5875 | D:8      | Reached skill level 5 in Fighting
  6319 | D:7      | HP: 2/56 [centaur (8)]
  6712 | D:7      | Found a runed door.
  6764 | D:7      | Reached XP level 8. HP: 50/62 MP: 11/11
  6859 | D:7      | Reached skill level 5 in Invocations
  7140 | D:7      | Reached skill level 5 in Armour
  8217 | D:6      | Reached skill level 5 in Axes
  8217 | D:6      | Reached XP level 9. HP: 52/69 MP: 13/13
  8278 | D:5      | Entered Level 5 of the Dungeon
  8485 | D:5      | Found a glowing drain.
  8497 | Sewer    | Entered a sewer
  8567 | Sewer    | Reached skill level 6 in Invocations
  8862 | Sewer    | Reached **** piety under Lugonu
  9698 | D:5      | Found a hide-covered altar of Uskayaw.
 10880 | D:4      | Reached skill level 5 in Dodging
 11176 | D:4      | Reached skill level 7 in Invocations
 11361 | D:4      | Found a shimmering altar of Xom.
 11608 | D:7      | Found an opulent altar of Gozag.
 11609 | D:7      | Found a sparkling altar of Nemelex Xobeh.
 11687 | D:7      | Found a stormy altar of Qazlal.
 11710 | D:6      | Reached XP level 10. HP: 40/77 MP: 15/15
 13562 | D:7      | Noticed Crazy Yiuf
 13568 | D:7      | Killed Crazy Yiuf
 14064 | D:8      | Found Qudojymu's General Store.
 14393 | D:8      | Reached skill level 8 in Invocations
 14475 | D:8      | Found a runed gate.
 14475 | D:8      | Found a runed gate.
 14694 | D:8      | Found a runed gate.
 14698 | D:8      | Noticed a white ugly thing
 14699 | D:8      | Noticed a red ugly thing
 14699 | D:8      | Noticed a cyan ugly thing
 14700 | D:8      | Noticed a white ugly thing
 16328 | D:9      | Noticed Maurice
 16330 | D:9      | Banished Maurice
 16516 | D:9      | Found Teacopn's Assorted Antiques.
 16521 | D:9      | Bought an inky potion for 27 gold pieces
 16521 | D:9      | Bought a potion of heal wounds for 150 gold pieces
 16636 | D:9      | Reached XP level 11. HP: 64/87 MP: 15/17
 16992 | D:9      | Found a staircase to the Lair.
 17192 | D:9      | Found a blossoming altar of Fedhas.
 17360 | D:10     | Entered Level 10 of the Dungeon
 17663 | D:10     | Reached skill level 9 in Invocations
 17957 | D:10     | Found a staircase to the Orcish Mines.
 19269 | D:11     | Noticed a four-headed hydra
 19329 | D:10     | Banished a four-headed hydra
 20004 | D:11     | Noticed Harold
 20036 | D:11     | Killed Harold
 20402 | D:11     | Noticed an orc knight
 20419 | D:11     | Killed an orc knight
 20695 | D:11     | Noticed a tengu warrior
 20701 | D:11     | Noticed an unseen horror
 20809 | Lair:1   | Entered Level 1 of the Lair of Beasts
 21160 | Lair:1   | Reached XP level 12. HP: 20/96 MP: 19/19
 21608 | Lair:1   | Reached skill level 10 in Invocations
 21669 | Lair:1   | Gained mutation: Your spells are a little harder to cast, but a little more powerful. [potion of mutation]
 21669 | Lair:1   | Gained mutation: Your mind is acute. (Int +2) [potion of mutation]
 21669 | Lair:1   | Gained mutation: Your natural rate of healing is unusually fast. [potion of mutation]
 22666 | Lair:2   | Found a glowing silver altar of Zin.
 22690 | Lair:2   | Reached skill level 10 in Fighting
 22818 | Lair:2   | Reached skill level 10 in Armour
 23663 | Lair:3   | Noticed a four-headed hydra
 23668 | Lair:3   | Banished a four-headed hydra
 23936 | Lair:3   | Reached skill level 11 in Invocations
 24228 | Lair:3   | Found a staircase to the Snake Pit.
 24331 | Lair:3   | Reached XP level 13. HP: 104/104 MP: 21/21
 25120 | Lair:3   | Noticed a catoblepas
 25145 | Lair:3   | Banished a catoblepas
 25390 | Lair:4   | Reached skill level 10 in Axes
 25416 | Lair:4   | Found a staircase to the Shoals.
 26057 | Lair:5   | Noticed a six-headed hydra
 26107 | Lair:5   | Banished a six-headed hydra
 26479 | Lair:5   | Reached skill level 12 in Invocations
 26793 | Lair:6   | Entered Level 6 of the Lair of Beasts
 27007 | Orc:1    | Entered Level 1 of the Orcish Mines
 27490 | Orc:2    | Entered Level 2 of the Orcish Mines
 27500 | Orc:2    | Found a staircase to the Elven Halls.
 27508 | Orc:2    | Found a roughly hewn altar of Beogh.
 28251 | Orc:2    | Reached XP level 14. HP: 17/114 MP: 14/23
 28637 | Orc:2    | Reached skill level 10 in Dodging
 28827 | Orc:2    | Found Ucsost's Jewellery Emporium.
 28827 | Orc:2    | Found Mod Rikh's Gadget Boutique.
 28828 | Orc:2    | Found Teywoeroma's Magic Scroll Shop.
 28828 | Orc:2    | Found Cisu's Armour Emporium.
 28836 | Orc:2    | Bought a scroll of vulnerability for 82 gold pieces
 28837 | Orc:2    | Bought a +0 buckler of poison resistance for 127 gold pieces
 28845 | Orc:2    | Bought a scroll of enchant armour for 82 gold pieces
 28912 | Orc:2    | Reached skill level 1 in Shields
 29377 | D:11     | Noticed a storm dragon
 29381 | D:11     | Banished a storm dragon
 29408 | D:11     | Reached skill level 13 in Invocations
 29757 | D:11     | Noticed a sphinx
 29769 | D:11     | Noticed a sphinx
 29770 | D:11     | Banished a sphinx
 29797 | D:11     | Banished a sphinx
 30236 | D:12     | Reached XP level 15. HP: 110/122 MP: 24/24
 30289 | D:12     | Found a glowing silver altar of Zin.
 30606 | D:12     | Noticed Nergalle
 30607 | D:12     | Banished Nergalle
 30728 | D:12     | Found Ehirid's Gadget Boutique.
 30776 | D:12     | Noticed Nessos
 30779 | D:12     | Banished Nessos
 31543 | D:13     | Found Ukewaq's Assorted Antiques.
 31588 | D:13     | Bought a spiked large shield for 323 gold pieces
 31598 | D:13     | Identified the +0 large shield "Iruonir Naes" {rPois MP+9} (You bought it in a shop on level 13 of the Dungeon)
 31736 | D:13     | Reached skill level 5 in Shields
 31744 | D:13     | HP: 4/122 [skeletal warrior/trident[a skeletal warrior] (18)]
 31746 | D:13     | Demolished by a skeletal warrior

Skill      XL: |  1  2  3  4  5  6  7  8  9 10 11 12 13 14 15 |
---------------+----------------------------------------------+-----
Dodging        | 1 2 3 4 5 6 7 8 9 10 | 10.6
Invocations    | 3 4 5 7 8 9 11 12 13 | 13.5
Armour         | 3 4 5 6 8 9 10 11 12 | 12.7
Fighting       | 4 5 6 7 8 9 10 11 12 | 12.8
Axes           | 3 4 5 6 7 8 9 10 11 | 11.7
Shields        | 3 5 |  5.0

Action                   |  1- 3 |  4- 6 |  7- 9 | 10-12 | 13-15 || total
-------------------------+-------+-------+-------+-------+-------++-------
Melee: Hand axe          |    98 |   265 |   664 |   315 |       ||  1342
       Battleaxe         |       |       |       |   589 |   702 ||  1291
Invok: Banish            |       |     1 |    17 |    33 |    41 ||    92
 Abil: Shaft Self        |       |       |     2 |       |       ||     2
       Dig               |       |       |     3 |     5 |     5 ||    13
       Evoke Flight      |       |       |       |     1 |       ||     1
Evoke: Wand              |       |       |     2 |     7 |       ||     9
  Use: Potion            |       |       |     6 |     9 |     8 ||    23
       Scroll            |       |       |       |    20 |     8 ||    28
  Eat: Chunk             |     1 |     8 |    22 |    26 |    33 ||    90
       Ration            |       |     1 |     2 |     8 |     1 ||    12
Armor: Leather armour    |    32 |     9 |       |       |       ||    41
       Ring mail         |       |    66 |   264 |   260 |       ||   590
       Scale mail        |       |       |       |   183 |   285 ||   468
       Skin              |       |       |       |    19 |    10 ||    29
Dodge: Dodged            |    66 |   167 |   521 |   770 |   578 ||  2102
Block: Buckler           |       |       |       |       |    55 ||    55
       Large shield      |       |       |       |       |    44 ||    44
